[Event "Titled Tuesday Blitz November 15 Early 2022"]
[White "Milikow, Yoav"]
[Black "Ginzburg, Yakov"]
[WhiteFideId "2822237"]
[BlackFideId "4157176"]
[WhiteElo "2341"]
[BlackElo "2305"]
[Result "1-0"]
[Round "02"]
[TimeControl "180+1"]
[Date "2022.11.16"]
[WhiteClock "0:00:23"]
[BlackClock "0:00:07"]

1. d4 d5 2. c4 c6 3. Nf3 Nf6 4. g3 g6 5. Bg2 Bg7 6. O-O O-O 7. a4 Ne4 8. Nc3 Bf5 9. cxd5 Nxc3 10. bxc3 cxd5 11. Qb3 Nc6 12. Nh4 Be4 13. f3 Na5 14. Qb4 Bc2 15. Qb2 Bb3 16. f4 e6 17. Nf3 Qb6 18. Nd2 Bc4 19. Re1 Qxb2 20. Bxb2 Rac8 21. Ba3 Rfd8 22. e3 Bd3 23. Bf1 Bxf1 24. Kxf1 Bf8 25. Bb2 Nc4 26. Nxc4 Rxc4 27. Ke2 Rdc8 28. Kd3 Be7 29. g4 Bd8 30. a5 R8c6 31. Ra3 Be7 32. Rb3 Rc7 33. Ra1 f5 34. g5 a6 35. h4 Kf7 36. Bc1 Bf8 37. Rab1 Ke8 38. Bd2 Ra4 39. Rxb7 Kd7 40. Rb8 Bd6 41. Rh8 Rxa5 42. Rb6 Rb5 43. Rxa6 Rbb7 44. Rxh7+ Kc8 45. Rh6 Bf8 46. Rxg6 Rh7 47. Raxe6 Rxh4 48. Re8+ Kd7 49. Rxf8 Rb2 50. Rxf5 Rh2 51. Rxd5+ Kc7 52. Bc1 Rbc2 53. Rc5+ Kd7 54. Rd5+ Ke7 55. Ba3+ Kf7 56. Rf6+ Ke8 57. Re6+ Kf7 58. Re7+ Kg6 59. Rd6+ Kf5 60. Rf6+ Kg4 61. g6 Rhd2+ 62. Kc4 Ra2 63. g7 Rxa3 64. g8=Q+ Kf3 65. Qd5+ Kf2 66. Rh6 Ra4+ 67. Kb3 Rda2 68. Rh2+ Kg3 69. Qg2+ Rxg2 70. Rxg2+ Kxg2 71. Kxa4 1-0


[Site "https://www.chess.com"]

[Event "Titled Tuesday Blitz November 15 Early 2022"]
[White "Minko, Dmitry"]
[Black "Bulatova, Kamaliya"]
[WhiteFideId "24188468"]
[BlackFideId "34111546"]
[WhiteElo "2147"]
[BlackElo "2039"]
[Result "1-0"]
[Round "02"]
[TimeControl "180+1"]
[Date "2022.11.16"]
[WhiteClock "0:00:09"]
[BlackClock "0:00:14"]

1. e4 Nf6 2. e5 Nd5 3. c4 Nb6 4. d4 d6 5. exd6 exd6 6. Nc3 Be7 7. Be3 Nc6 8. Qd2 Bf5 9. Rc1 O-O 10. Bd3 Bxd3 11. Qxd3 Bf6 12. Nf3 d5 13. b3 Nb4 14. Qe2 c6 15. O-O Re8 16. c5 Nd7 17. a3 Na6 18. b4 Nc7 19. b5 Ne6 20. Qd3 Qc7 21. g3 g6 22. Rb1 Ng7 23. bxc6 bxc6 24. Bf4 Qc8 25. Rb2 Ne6 26. Bd6 Ng7 27. Rfb1 Nf5 28. Bf4 Kg7 29. h4 h6 30. Kg2 Nf8 31. Rb7 Ne6 32. Bd6 Nxd6 33. cxd6 Rd8 34. Ne5 Rxd6 35. Rxf7+ Kh8 36. Nxg6+ Kg8 37. Rxf6 Nc5 38. Ne7+ Kh8 39. Nxc8 Nxd3 40. Nxd6 Rg8 41. Rb7 1-0


[Site "https://www.chess.com"]

[Event "Titled Tuesday Blitz November 15 Early 2022"]
[White "Mischuk, Dmitry"]
[Black "Martynenko, Ivan"]
[WhiteFideId "14118734"]
[BlackFideId "2053179"]
[WhiteElo "2256"]
[BlackElo "2185"]
[Result "1-0"]
[Round "02"]
[TimeControl "180+1"]
[Date "2022.11.16"]
[WhiteClock "0:00:36"]
[BlackClock "0:00:15"]

1. d4 d5 2. c4 c6 3. Nf3 Nf6 4. g3 e6 5. Bg2 Bd6 6. Nfd2 O-O 7. O-O h6 8. Nc3 Nbd7 9. e4 dxe4 10. Ndxe4 Nxe4 11. Nxe4 Bc7 12. Be3 Nb6 13. Rc1 e5 14. b3 exd4 15. Qxd4 Bf5 16. Nc5 Qc8 17. Rfe1 Nd7 18. Ne4 Be5 19. Qd2 Nf6 20. Nd6 Bxd6 21. Qxd6 Bh3 22. Bh1 Rd8 23. Qf4 Qf5 24. Red1 Qa5 25. Qh4 Be6 26. Bf4 Qxa2 27. Rxd8+ Rxd8 28. Bxh6 Ng4 29. Qxd8+ Kh7 30. Be3 Nxe3 31. fxe3 Qe2 32. Qd4 Bh3 33. Qe4+ g6 34. Bf3 Qd2 35. Rd1 Qc2 36. Qxc2 1-0


[Site "https://www.chess.com"]

[Event "Titled Tuesday Blitz November 15 Early 2022"]
[White "Miszler, Levente"]
[Black "Shapiro, Daniel"]
[WhiteFideId "763276"]
[BlackFideId "2001780"]
[WhiteElo "2176"]
[BlackElo "2287"]
[Result "1/2-1/2"]
[Round "02"]
[TimeControl "180+1"]
[Date "2022.11.16"]
[WhiteClock "0:00:22"]
[BlackClock "0:00:14"]

1. Nf3 Nf6 2. c4 Nc6 3. g3 e5 4. Nc3 d5 5. cxd5 Nxd5 6. Nxd5 Qxd5 7. d3 Bb4+ 8. Bd2 a5 9. Bg2 O-O 10. O-O Qd6 11. a3 Bc5 12. Rc1 h6 13. Qc2 Bb6 14. Bc3 a4 15. Rfd1 Be6 16. Qd2 Bb3 17. Re1 Rad8 18. Bb4 Nxb4 19. Qxb4 Qxb4 20. axb4 f6 21. Nd2 Bd5 22. Bxd5+ Rxd5 23. Ra1 Ra8 24. b3 a3 25. Nc4 Rb5 26. Rxa3 Rxa3 27. Nxa3 Rxb4 28. Rb1 Bc5 29. Nc2 Rb6 30. Kf1 Kf7 31. e3 Ke6 32. Ke2 Kd5 33. d4 exd4 34. exd4 Bxd4 35. Rd1 c5 36. Rd3 Re6+ 37. Kf3 Ke5 38. b4 b6 39. bxc5 bxc5 40. Ne3 Bxe3 41. Kxe3 Rc6 42. Kd2 g5 43. Kc3 f5 44. Kc4 f4 45. f3 fxg3 46. hxg3 h5 47. Rd5+ Kf6 48. f4 gxf4 49. gxf4 h4 50. Rh5 h3 51. Rxh3 Kf5 52. Rh4 Re6 53. Kd5 Rg6 54. Kxc5 Rg4 55. Rxg4 Kxg4 56. f5 Kxf5 1/2-1/2


[Site "https://www.chess.com"]

[Event "Titled Tuesday Blitz November 15 Early 2022"]
[White "Mladenovic, Stefan"]
[Black "Petrosyan, Manuel"]
[WhiteFideId "942227"]
[BlackFideId "13300857"]
[WhiteElo "2337"]
[BlackElo "2561"]
[Result "0-1"]
[Round "02"]
[TimeControl "180+1"]
[Date "2022.11.15"]
[WhiteClock "0:00:01"]
[BlackClock "0:00:03"]

1. d4 Nf6 2. Nf3 g6 3. Bf4 Bg7 4. e3 O-O 5. Be2 d6 6. O-O c5 7. c3 Qb6 8. Nbd2 Be6 9. Ng5 Bd7 10. Nc4 Qc7 11. a4 b6 12. h3 Bc6 13. Re1 Nbd7 14. Bf1 a6 15. dxc5 Nxc5 16. a5 b5 17. Nb6 Rad8 18. Nf3 Qb7 19. Nd4 Be8 20. Bh2 e5 21. Nb3 Bc6 22. Nxc5 dxc5 23. Qb3 Ne4 24. Rad1 Nd2 25. Rxd2 Rxd2 26. Qa3 Qe7 27. e4 Rfd8 28. Bg3 h5 29. c4 h4 30. Bh2 Qf6 31. Qe3 Bh6 32. Qxc5 R8d4 33. f3 Bf4 34. Bxf4 Qxf4 35. Qxc6 Qg3 36. Re2 Rxe2 37. Bxe2 Qe1+ 38. Kh2 Qg3+ 39. Kg1 Qe1+ 40. Kh2 Qxe2 41. Qe8+ Kh7 42. Qxf7+ Kh6 43. Qf8+ Kg5 44. Qe7+ Kf4 45. Qf6+ Ke3 46. Qxe5 Rd2 47. Nd5+ Kf2 48. Nc3 Qe1 49. Qc5+ Kf1 50. Qg5 Qf2 0-1


[Site "https://www.chess.com"]

[Event "Titled Tuesday Blitz November 15 Early 2022"]
[White "Mohamed, Saeed Laily"]
[Black "Neiksans, Arturs"]
[WhiteFideId "9314946"]
[BlackFideId "11601388"]
[WhiteElo "1874"]
[BlackElo "2497"]
[Result "0-1"]
[Round "02"]
[TimeControl "180+1"]
[Date "2022.11.16"]
[WhiteClock "0:00:03"]
[BlackClock "0:01:22"]

1. d4 f5 2. e4 fxe4 3. Nc3 Nf6 4. Bg5 Nc6 5. d5 Ne5 6. Bxf6 gxf6 7. Nxe4 c6 8. d6 exd6 9. Qh5+ Nf7 10. O-O-O d5 11. Ng3 Qa5 12. Kb1 Bd6 13. Nf3 Be5 14. Nf5 Kf8 15. Nxe5 fxe5 16. Nh6 Nxh6 17. Qxh6+ Ke8 18. Be2 d6 19. Bh5+ Kd8 20. Qf6+ Kc7 21. Qxh8 Bf5 22. Qg7+ Kb6 23. g4 Be4 24. Rhe1 Qc5 25. Qg5 Bxc2+ 26. Ka1 Bxd1 27. Rxd1 Qxf2 28. Qc1 Rf8 29. h3 e4 30. Qc3 e3 31. Qb3+ Kc7 32. Rc1 e2 0-1


[Site "https://www.chess.com"]

[Event "Titled Tuesday Blitz November 15 Early 2022"]
[White "Mohammed, Zozek Salah Mohammed"]
[Black "Hnydiuk, Aleksander"]
[WhiteFideId "4803361"]
[BlackFideId "1109057"]
[WhiteElo "2199"]
[BlackElo "2374"]
[Result "1/2-1/2"]
[Round "02"]
[TimeControl "180+1"]
[Date "2022.11.16"]
[WhiteClock "0:02:09"]
[BlackClock "0:02:31"]

1. d4 Nf6 2. Nf3 d5 3. c4 dxc4 4. e3 e6 5. Bxc4 c5 6. O-O a6 7. a4 Nc6 8. Nc3 Be7 9. dxc5 Bxc5 10. Qxd8+ Kxd8 11. b3 Ke7 12. Bb2 b6 13. Ne2 Bb7 14. Ned4 Nxd4 15. Nxd4 Rac8 16. Rac1 Rhd8 17. Rfd1 1/2-1/2


[Site "https://www.chess.com"]

[Event "Titled Tuesday Blitz November 15 Early 2022"]
[White "Mouhamad, Joachim"]
[Black "Shipov, Sergei"]
[WhiteFideId "656410"]
[BlackFideId "4113624"]
[WhiteElo "2164"]
[BlackElo "2780"]
[Result "1-0"]
[Round "02"]
[TimeControl "180+1"]
[Date "2022.11.16"]
[WhiteClock "0:00:25"]
[BlackClock "0:01:00"]

1. e4 e6 2. d4 d5 3. e5 Bd7 4. Nf3 a6 5. c4 Bb4+ 6. Bd2 Bxd2+ 7. Qxd2 dxc4 8. Bxc4 Bb5 9. Bb3 Ne7 10. Nc3 O-O 11. Nxb5 axb5 12. O-O Nd7 13. Rac1 Nb6 14. Ng5 h6 15. Ne4 Nf5 16. Rfd1 Qe7 17. Qc3 c6 18. g4 Nh4 19. Rd3 Ng6 20. Qd2 Nd5 21. Bxd5 exd5 22. Nd6 Rxa2 23. f4 Rfa8 24. f5 Nf8 25. f6 Qe6 26. fxg7 Ng6 27. Nf5 Ra1 28. Qxh6 Rxc1+ 29. Qxc1 Nxe5 30. dxe5 Qxe5 31. Rh3 1-0


[Site "https://www.chess.com"]

[Event "Titled Tuesday Blitz November 15 Early 2022"]
[White "Muminova, Nafisa"]
[Black "Guzman, Christopher"]
[WhiteFideId "14201526"]
[BlackFideId "6405096"]
[WhiteElo "2258"]
[BlackElo "2272"]
[Result "0-1"]
[Round "02"]
[TimeControl "180+1"]
[Date "2022.11.16"]
[WhiteClock "0:00:10"]
[BlackClock "0:01:57"]

1. e4 c6 2. d4 d5 3. e5 Bf5 4. h4 h5 5. Bd3 Bxd3 6. Qxd3 Qa5+ 7. Bd2 Qa6 8. e6 Qxd3 9. exf7+ Kxf7 10. cxd3 Nd7 11. Nf3 Nh6 12. Nc3 Ng4 13. O-O e5 14. Ng5+ Kg6 15. f3 exd4 16. Ne2 Nge5 17. Nf4+ Kf6 18. Rae1 Bc5 19. g4 g6 20. Nge6 Bb6 21. Kg2 Rae8 22. Ng5 Kg7 23. Nfe6+ Kf6 24. Nf4 a6 25. Kg3 Nc5 26. Nge6 Nxe6 27. Nxe6 Rxe6 28. g5+ Kf7 29. f4 Nxd3 30. Rxe6 Kxe6 31. Rf3 Nc5 32. Rf1 Ne4+ 0-1


[Site "https://www.chess.com"]

[Event "Titled Tuesday Blitz November 15 Early 2022"]
[White "Nakamura, Hikaru"]
[Black "Yeremyan, Alen"]
[WhiteFideId "2016192"]
[BlackFideId "13308998"]
[WhiteElo "2909"]
[BlackElo "2159"]
[Result "1-0"]
[Round "02"]
[TimeControl "180+1"]
[Date "2022.11.15"]
[WhiteClock "0:00:07"]
[BlackClock "0:00:00"]

1. g3 g6 2. Bg2 Bg7 3. e4 e5 4. Ne2 Ne7 5. d4 exd4 6. Nxd4 O-O 7. Nc3 Nbc6 8. Nde2 d6 9. O-O Be6 10. Nf4 Qd7 11. Ncd5 Ne5 12. Nxe6 fxe6 13. Nxe7+ Qxe7 14. f4 Nc6 15. c3 Rad8 16. Re1 Qf7 17. Be3 Kh8 18. Qb3 b6 19. Rad1 g5 20. fxg5 Ne5 21. Bf4 Ng6 22. Rf1 Nxf4 23. gxf4 Qg6 24. h4 Qh5 25. Qxe6 Qxh4 26. Qh3 Rxf4 27. Qxh4 Rxh4 28. Rf7 Rg4 29. Rxc7 Rxg5 30. Rxa7 Be5 31. Rf7 Rdg8 32. Rd2 Rg4 33. Kf1 h5 34. Rdf2 h4 35. R7f5 Bg3 36. Rh5+ Kg7 37. Rff5 Rg6 38. a4 Ra8 39. e5 Rxa4 40. Bd5 Ra1+ 41. Ke2 Re1+ 42. Kd2 Rxe5 43. Rf7+ Kg8 44. Rb7+ Rxd5+ 45. Rxd5 Bf4+ 46. Kd3 h3 47. Rh5 h2 48. Rbh7 Rg2 49. b4 d5 50. c4 Rd2+ 51. Kc3 d4+ 52. Kb3 Rd3+ 53. Ka4 Rc3 54. Kb5 d3 55. Rxh2 Bxh2 56. Rxh2 Rc2 57. Rh3 Rc3 58. Rh4 Kf7 59. Re4 Kf6 60. c5 Kf5 61. Re8 1-0


[Site "https://www.chess.com"]

[Event "Titled Tuesday Blitz November 15 Early 2022"]
[White "Narayanan, Srinath"]
[Black "Ravot, Sylvain"]
[WhiteFideId "5018420"]
[BlackFideId "627763"]
[WhiteElo "2459"]
[BlackElo "2195"]
[Result "1-0"]
[Round "02"]
[TimeControl "180+1"]
[Date "2022.11.16"]
[WhiteClock "0:00:35"]
[BlackClock "0:00:01"]

1. d4 Nf6 2. Bf4 d5 3. e3 c5 4. Nf3 Nc6 5. Nbd2 Bf5 6. Bb5 Qb6 7. c4 a6 8. Qa4 Rc8 9. Bxc6+ Qxc6 10. Qxc6+ Rxc6 11. cxd5 Nxd5 12. Bg3 Nb4 13. O-O Bd3 14. Rfc1 f6 15. dxc5 Nc2 16. Nd4 Rxc5 17. N2b3 Rc8 18. Na5 b6 19. Nab3 Kd7 20. Nxc2 Bxc2 21. Nd4 Be4 22. Rxc8 Kxc8 23. Rc1+ Kd7 24. Rc7+ Kd8 25. Ne6+ Ke8 26. Ra7 a5 27. f3 1-0


[Site "https://www.chess.com"]

[Event "Titled Tuesday Blitz November 15 Early 2022"]
[White "Nguyen, Thai Dai Van"]
[Black "Deuer, Marius"]
[WhiteFideId "358878"]
[BlackFideId "16236432"]
[WhiteElo "2534"]
[BlackElo "2226"]
[Result "1/2-1/2"]
[Round "02"]
[TimeControl "180+1"]
[Date "2022.11.16"]
[WhiteClock "0:01:55"]
[BlackClock "0:01:26"]

1. c4 c6 2. Nf3 d5 3. d4 Nf6 4. e3 a6 5. Nc3 Bf5 6. Qb3 b5 7. cxd5 cxd5 8. Bd2 e6 9. Be2 Bd6 10. O-O O-O 11. Rfc1 Nbd7 12. h3 Qe7 13. Nh4 Bg6 14. Nxg6 hxg6 15. a4 b4 16. Na2 a5 17. Rc2 e5 18. dxe5 Qxe5 19. f4 Qe7 20. Nc1 Nc5 21. Qa2 Nfe4 22. Be1 Nf6 23. Bf2 Nce4 24. Bh4 Nc5 25. Bf2 Nce4 26. Bh4 Nc5 27. Bf2 1/2-1/2


[Site "https://www.chess.com"]

[Event "Titled Tuesday Blitz November 15 Early 2022"]
[White "Nouri, Alekhine"]
[Black "Buscar, Michael"]
[WhiteFideId "5216184"]
[BlackFideId "2603616"]
[WhiteElo "2151"]
[BlackElo "2010"]
[Result "1-0"]
[Round "02"]
[TimeControl "180+1"]
[Date "2022.11.16"]
[WhiteClock "0:00:08"]
[BlackClock "0:00:03"]

1. e4 c5 2. Nc3 g6 3. d4 cxd4 4. Qxd4 Nf6 5. Nf3 Nc6 6. Qa4 Bg7 7. e5 Ng8 8. Bf4 Qa5 9. Qxa5 Nxa5 10. Nd5 Kf8 11. O-O-O Bh6 12. g3 Bxf4+ 13. gxf4 Nh6 14. Bh3 d6 15. Bxc8 Rxc8 16. Rhe1 e6 17. Nf6 d5 18. b3 Ng8 19. Kb2 Ke7 20. Ng4 h5 21. Ne3 Nh6 22. Nd4 Ng4 23. Rd2 Nxh2 24. f3 Nxf3 25. Nxf3 Rc7 26. Ree2 Rhc8 27. Nd4 a6 28. a4 b6 29. Rg2 Nb7 30. Rg5 Nc5 31. Rgg2 Ne4 32. Rd3 Rc5 33. c4 dxc4 34. Nxc4 Rd8 35. Re2 Ng3 36. Red2 h4 37. Nc6+ Rxc6 38. Rxd8 Rc7 39. Rh8 Nf5 40. Nd6 Rd7 41. Re8# 1-0


[Site "https://www.chess.com"]

[Event "Titled Tuesday Blitz November 15 Early 2022"]
[White "Novikova, Galina"]
[Black "Orlov, Georgi"]
[WhiteFideId "4157095"]
[BlackFideId "2011271"]
[WhiteElo "1973"]
[BlackElo "2532"]
[Result "0-1"]
[Round "02"]
[TimeControl "180+1"]
[Date "2022.11.16"]
[WhiteClock "0:00:02"]
[BlackClock "0:00:17"]

1. e4 c5 2. Nf3 e6 3. b4 cxb4 4. a3 d5 5. e5 Nc6 6. axb4 Bxb4 7. c3 Be7 8. d4 Nh6 9. Bd3 Nf5 10. O-O Bd7 11. Na3 a6 12. Nc2 Rc8 13. Ne3 Nh4 14. Nxh4 Bxh4 15. Qg4 g6 16. Ba3 Be7 17. Bxe7 Qxe7 18. Qe2 h5 19. Rfb1 Rc7 20. g3 Bc8 21. Rb2 Qd8 22. Ng2 Ne7 23. Nf4 Rxc3 24. Rc2 Rxc2 25. Qxc2 O-O 26. Rc1 Bd7 27. Qd2 Kg7 28. Nh3 Nc6 29. Bb1 Qe7 30. Nf4 Rh8 31. Qd3 Be8 32. Ba2 h4 33. Bxd5 Nb4 34. Qe4 exd5 35. Qe1 hxg3 36. fxg3 Bc6 37. e6 f6 38. Qd1 Rh6 39. Qg4 a5 40. Rf1 Kh7 41. h4 Nc2 42. h5 g5 43. Qf5+ Kg7 44. Ng6 Qd8 45. e7 Qd6 46. Qc8 Rxh5 47. Qf8+ Kxg6 48. Qg8+ Kh6 49. e8=Q Qxg3# 0-1


[Site "https://www.chess.com"]

[Event "Titled Tuesday Blitz November 15 Early 2022"]
[White "Nugumanov, Bakhtiyar"]
[Black "Kirillov, Dmitry"]
[WhiteFideId "13701797"]
[BlackFideId "34180572"]
[WhiteElo "2287"]
[BlackElo "2095"]
[Result "1-0"]
[Round "02"]
[TimeControl "180+1"]
[Date "2022.11.16"]
[WhiteClock "0:00:10"]
[BlackClock "0:00:03"]

1. Nf3 d5 2. g3 g6 3. Bg2 Bg7 4. d4 Nf6 5. c4 c6 6. O-O O-O 7. Qb3 dxc4 8. Qxc4 Nbd7 9. Qc2 Nb6 10. e4 Bg4 11. Be3 Ne8 12. Ne5 Be6 13. a4 f6 14. Nd3 Nc4 15. Nc5 Nxe3 16. fxe3 Bc8 17. Qc4+ Kh8 18. a5 Nd6 19. Qb3 e5 20. Nc3 Qe7 21. d5 Nf5 22. N3a4 Nd6 23. a6 b6 24. Nd3 c5 25. Qc2 Bxa6 26. Naxc5 Bxd3 27. Nxd3 Rfc8 28. Qb3 Nc4 29. Rfe1 Bh6 30. Nf2 f5 31. exf5 gxf5 32. d6 Nxd6 33. Bxa8 Rxa8 34. e4 f4 35. Rad1 Rg8 36. Kh1 fxg3 37. hxg3 Bf8 38. Qd5 Qg7 39. Rd3 Qf6 40. Kg2 Be7 41. Rh1 Rf8 42. Qc6 Qxf2+ 43. Kh3 Qf6 44. Kg2 Qh6 45. Rxh6 Bg5 46. Rhxd6 Be7 47. Rd8 Bxd8 48. Qd6 Be7 49. Qxe5+ Bf6 50. Qf5 Bg7 51. Qe6 Rg8 52. Rf3 Rd8 53. Rf7 Rg8 54. Kh3 h6 55. Re7 Kh7 56. Re8 Bf8 57. Qf7+ 1-0


[Site "https://www.chess.com"]

[Event "Titled Tuesday Blitz November 15 Early 2022"]
[White "Odegov, Artem"]
[Black "Mitrabha, Guha"]
[WhiteFideId "34183644"]
[BlackFideId "5057000"]
[WhiteElo "2612"]
[BlackElo "2898"]
[Result "0-1"]
[Round "02"]
[TimeControl "180+1"]
[Date "2022.11.16"]
[WhiteClock "0:00:26"]
[BlackClock "0:01:38"]

1. d4 Nf6 2. c4 e6 3. Nf3 c5 4. d5 exd5 5. cxd5 d6 6. Nc3 g6 7. Nd2 Bg7 8. Nc4 O-O 9. Bf4 Ne8 10. Qd2 b6 11. Ne4 Ba6 12. Ncxd6 Nxd6 13. Nxd6 g5 14. Bg3 f5 15. e3 Bxf1 16. Kxf1 f4 17. exf4 Qxd6 18. fxg5 Qd7 19. Re1 Nc6 20. g6 hxg6 21. Qg5 Nd4 22. Re7 Qb5+ 23. Kg1 Ne2+ 24. Rxe2 Qxe2 25. h4 Qh5 0-1


[Site "https://www.chess.com"]

[Event "Titled Tuesday Blitz November 15 Early 2022"]
[White "Osiecki, Stanislaw"]
[Black "Gonzalez, Francisco Silva"]
[WhiteFideId "1102990"]
[BlackFideId "1512285"]
[WhiteElo "2088"]
[BlackElo "2159"]
[Result "0-1"]
[Round "02"]
[TimeControl "180+1"]
[Date "2022.11.16"]
[WhiteClock "0:00:26"]
[BlackClock "0:01:48"]

1. e4 e5 2. Nf3 Nc6 3. Bb5 a6 4. Bxc6 dxc6 5. O-O Bd6 6. d4 exd4 7. Qxd4 f6 8. e5 fxe5 9. Nxe5 Ne7 10. Re1 O-O 11. Qc4+ Nd5 12. Nc3 Be6 13. Nxc6 Qf6 14. Ne4 Bxh2+ 15. Kxh2 Qh4+ 16. Kg1 bxc6 17. Qxc6 Rae8 18. Qc5 Bf7 19. Qd4 c5 20. Qa4 Bg6 21. g3 Qg4 22. Qc4 Bxe4 23. Rxe4 Qxe4 24. Qxe4 Rxe4 0-1


[Site "https://www.chess.com"]

[Event "Titled Tuesday Blitz November 15 Early 2022"]
[White "Ovchinnikov, Vsevolod"]
[Black "Zeydan, Salih"]
[WhiteFideId "24176842"]
[BlackFideId "6361722"]
[WhiteElo "2376"]
[BlackElo "1988"]
[Result "1-0"]
[Round "02"]
[TimeControl "180+1"]
[Date "2022.11.16"]
[WhiteClock "0:00:13"]
[BlackClock "0:00:12"]

1. d4 Nf6 2. c4 g6 3. Nc3 d5 4. Nf3 Bg7 5. h4 h5 6. Bg5 dxc4 7. e4 O-O 8. Bxc4 c6 9. a4 Bg4 10. Be3 Qa5 11. Qb3 Nxe4 12. Ne5 b5 13. Bxf7+ Kh8 14. Nxg6+ Kh7 15. Nxf8+ Bxf8 16. O-O Nxc3 17. Qc2+ Kh8 18. bxc3 Nd7 19. Qg6 Nf6 20. axb5 Qxc3 21. bxc6 Qxc6 22. Bg5 Bg7 23. f3 Be6 24. Bxe6 Qxe6 25. Rae1 Qd6 26. Kh1 a5 27. d5 a4 28. Re6 Qxd5 29. Rxe7 Rg8 30. Rxg7 Rxg7 31. Bxf6 Qd7 32. Bxg7+ Qxg7 33. Qxg7+ 1-0


[Site "https://www.chess.com"]

[Event "Titled Tuesday Blitz November 15 Early 2022"]
[White "Ozates, Tuna"]
[Black "Sanchez, Robert"]
[WhiteFideId "6354521"]
[BlackFideId "2034360"]
[WhiteElo "2151"]
[BlackElo "2284"]
[Result "0-1"]
[Round "02"]
[TimeControl "180+1"]
[Date "2022.11.16"]
[WhiteClock "0:01:11"]
[BlackClock "0:01:25"]

1. e4 d5 2. exd5 Qxd5 3. Nc3 Qe6+ 4. Be2 Qg6 5. Bf3 Nc6 6. Nge2 e5 7. O-O Bd7 8. d4 O-O-O 9. d5 Nce7 10. Be3 Kb8 11. a4 Nc8 12. a5 f5 13. a6 b6 14. g3 h5 15. h4 Nd6 16. Bg5 Be7 17. Bxe7 Nxe7 18. Re1 Qf6 19. Nc1 e4 20. Bg2 g5 21. hxg5 Qxg5 22. N1e2 h4 23. Qd4 hxg3 24. fxg3 Rdg8 25. Kf2 f4 26. Rh1 fxg3+ 27. Kg1 Rxh1+ 28. Bxh1 g2 0-1


[Site "https://www.chess.com"]

[Event "Titled Tuesday Blitz November 15 Early 2022"]
[White "Pajeken, Jakob Leon"]
[Black "Mrudul Dehankar"]
[WhiteFideId "12942839"]
[BlackFideId "25096990"]
[WhiteElo "2429"]
[BlackElo "2068"]
[Result "1-0"]
[Round "02"]
[TimeControl "180+1"]
[Date "2022.11.16"]
[WhiteClock "0:01:34"]
[BlackClock "0:00:02"]

1. d4 Nf6 2. Nf3 e6 3. Bf4 b6 4. h3 Bb7 5. e3 Be7 6. c3 c5 7. Nbd2 d6 8. Bd3 Nbd7 9. Qe2 O-O 10. O-O cxd4 11. exd4 Nd5 12. Bh2 N7f6 13. a3 Nh5 14. Qe4 Nhf6 15. Qe1 Nh5 16. Qb1 g6 17. Re1 Qd7 18. a4 a6 19. g4 Nhf4 20. Bf1 f5 21. g5 Nh5 22. Qa2 Rae8 23. Qb3 Bd8 24. a5 b5 25. c4 bxc4 26. Nxc4 Be7 27. Nb6 Nxb6 28. axb6 Bd5 29. Qd3 Rb8 30. Rxa6 Qa7 31. bxa7 1-0


[Site "https://www.chess.com"]

[Event "Titled Tuesday Blitz November 15 Early 2022"]
[White "Palencia Morales, Wilson Guillermo"]
[Black "Zanette, Edgard Vinicius"]
[WhiteFideId "4401859"]
[BlackFideId "2109263"]
[WhiteElo "2160"]
[BlackElo "2211"]
[Result "0-1"]
[Round "02"]
[TimeControl "180+1"]
[Date "2022.11.16"]
[WhiteClock "0:00:16"]
[BlackClock "0:00:07"]

1. d4 Nf6 2. Nf3 e6 3. c4 b6 4. g3 Ba6 5. Qc2 Bb7 6. Bg2 Bb4+ 7. Bd2 Be7 8. O-O d5 9. Ne5 O-O 10. Bf4 c5 11. dxc5 bxc5 12. Nc3 Nbd7 13. Rfd1 Nb6 14. b3 Qc8 15. cxd5 exd5 16. a4 d4 17. Ne4 Nbd5 18. Nc4 Nxf4 19. Ned6 Nxg2 20. Nxc8 Raxc8 21. f3 Ne3 22. Nxe3 dxe3 23. Qc4 Rfd8 24. Kf1 h6 25. Ke1 Nd5 26. Rd3 Nb4 27. Rxe3 Bf6 28. Rd1 Bd4 29. Re7 Bd5 30. Qc1 Nc6 31. Re3 Bxe3 32. Qxe3 Nd4 33. Kf2 Re8 34. Qf4 Rxe2+ 35. Kf1 Rce8 36. h4 Bxf3 37. Rxd4 Bg2+ 38. Kg1 cxd4 39. Qxd4 Ba8 40. Qxa7 Rg2+ 41. Kf1 Rc8 42. Qe3 Rgc2 43. b4 Rc1+ 44. Ke2 R8c2+ 45. Kd3 Rc3+ 0-1


[Site "https://www.chess.com"]

[Event "Titled Tuesday Blitz November 15 Early 2022"]
[White "Papasimakopoulos, Alexandros"]
[Black "Gerbelli Neto, Eduardo"]
[WhiteFideId "4244125"]
[BlackFideId "2103281"]
[WhiteElo "2365"]
[BlackElo "2178"]
[Result "1-0"]
[Round "02"]
[TimeControl "180+1"]
[Date "2022.11.16"]
[WhiteClock "0:00:53"]
[BlackClock "0:00:22"]

1. d4 d5 2. c4 c6 3. cxd5 cxd5 4. Bf4 Nf6 5. Nc3 Nc6 6. e3 Bf5 7. Qb3 Na5 8. Qa4+ Bd7 9. Qc2 Rc8 10. Nf3 e6 11. Bd3 Nc4 12. O-O Be7 13. h3 O-O 14. Ne5 b5 15. a3 a6 16. Qe2 h6 17. a4 b4 18. Nb1 Na5 19. Nd2 Qb6 20. Rfb1 Ra8 21. Rc1 Rfc8 22. Nxd7 Nxd7 23. Rab1 Nc6 24. Nb3 Qb7 25. Rc2 e5 26. dxe5 Ncxe5 27. Rxc8+ Qxc8 28. Rc1 Qb7 29. Bf5 Bf6 30. Nd4 Rc8 31. Rc2 Nc5 32. Bxc8 1-0


[Site "https://www.chess.com"]

[Event "Titled Tuesday Blitz November 15 Early 2022"]
[White "Papayan, Oleg"]
[Black "Copeland, Samuel"]
[WhiteFideId "4193911"]
[BlackFideId "2007347"]
[WhiteElo "2153"]
[BlackElo "2307"]
[Result "0-1"]
[Round "02"]
[TimeControl "180+1"]
[Date "2022.11.16"]
[WhiteClock "0:00:06"]
[BlackClock "0:00:14"]

1. e4 Nf6 2. e5 Nd5 3. d4 d6 4. c4 Nb6 5. f4 dxe5 6. fxe5 Bf5 7. Nc3 Nc6 8. Be3 e6 9. Nf3 Be7 10. Be2 O-O 11. O-O f6 12. exf6 Bxf6 13. Qd2 Qe7 14. Rad1 Rad8 15. Qc1 Bg4 16. Ne4 h6 17. b3 Bxf3 18. Nxf6+ Rxf6 19. Bxf3 Rdf8 20. Qc2 Nb4 21. Qe4 c6 22. Rf2 Na6 23. Rdf1 Nc7 24. Bg4 Rxf2 25. Rxf2 Rxf2 26. Bxf2 Nd7 27. Bg3 Nf6 28. Qe5 Nxg4 29. Qxc7 Qf6 30. Qf4 Qg6 31. h3 Qb1+ 32. Qf1 Qxf1+ 33. Kxf1 Ne3+ 34. Ke2 Nc2 35. Kd3 Nb4+ 36. Ke4 Nxa2 37. Ke5 Kf7 38. Be1 Nc1 39. Ke4 Nxb3 40. c5 a5 41. Kd3 a4 42. Kc3 e5 43. dxe5 Ke6 44. Kb4 Kxe5 45. Kxa4 Nxc5+ 46. Kb4 Ne4 47. g4 Kd4 48. Ka5 c5 49. Kb6 c4 50. Kxb7 c3 51. Bxc3+ Nxc3 52. Kc6 Ke5 53. Kd7 Kf6 54. Kd6 Ne4+ 55. Kd5 Nf2 56. h4 Nxg4 0-1


[Site "https://www.chess.com"]

[Event "Titled Tuesday Blitz November 15 Early 2022"]
[White "Perez Gormaz, Matias"]
[Black "Fedoseev, Vladimir"]
[WhiteFideId "3406342"]
[BlackFideId "24130737"]
[WhiteElo "2341"]
[BlackElo "2726"]
[Result "0-1"]
[Round "02"]
[TimeControl "180+1"]
[Date "2022.11.15"]
[WhiteClock "0:00:08"]
[BlackClock "0:00:02"]

1. e4 c6 2. d4 d5 3. exd5 cxd5 4. Bd3 Nc6 5. c3 Qc7 6. h3 g6 7. Nf3 Bg7 8. O-O Nf6 9. Na3 Bf5 10. Nb5 Qb6 11. Bf4 Rc8 12. Re1 Ne4 13. c4 Nb4 14. Bf1 O-O 15. a3 g5 16. Bh2 dxc4 17. Nxa7 Qxa7 18. axb4 Qb6 19. Ra5 e6 20. g4 Bg6 21. Ne5 Nf6 22. Nxc4 Qd8 23. Rxg5 Nd5 24. h4 h6 25. Rxg6 fxg6 26. Rxe6 Qxh4 27. Bg3 Qg5 28. Nd6 Nf4 29. Nxc8 Nxe6 30. Nd6 Nxd4 31. Bg2 b5 32. Ne4 Qd8 33. Nc5 Kh7 34. Qd3 Nf3+ 35. Bxf3 Qxd3 36. Nxd3 Rxf3 37. Nc5 Bxb2 38. Kg2 Rf7 39. Nd3 Bc3 40. Nf4 Bxb4 41. Nd5 Bf8 42. Be5 Bg7 43. Bd6 Rd7 0-1


[Site "https://www.chess.com"]